 Dungeon Crawl Stone Soup version 0.19.1-1-g22dce08 (webtiles) character file.

10108 dngmouse the Fighter (level 11, 0/166 HPs)
             Began as a Minotaur Fighter on Jan 15, 2017.
             Was a Priest of Makhleb.
             Slain by an orc warrior
             ... wielding a +0 battleaxe
              (12 damage)
             ... in a bailey.
             The game lasted 00:35:23 (9770 turns).

dngmouse the Fighter (Minotaur Fighter)             Turns: 9770, Time: 00:35:23

Health: 0/166      AC: 25    Str: 28 (30) XL:     11   Next: 31%
Magic:  11/11      EV:  2    Int:  7 (9)  God:    Makhleb [***...]
Gold:   531        SH:  4    Dex: 10 (11) Spells: 0 memorised, 10 levels left

rFire  + . .     SeeInvis +     M - +7 flail of Homniol {venom, *Noise Str+2 Int+4 SInv}
rCold  . . .     Gourm    .     (armour currently unavailable)
rNeg   + + +     Faith    .     N - +0 buckler {rF+}
rPois  +         Spirit   .     (helmet currently unavailable)
rElec  .         Reflect  .     (cloak currently unavailable)
rCorr  .         Harm     .     (gloves currently unavailable)
MR     .....     NoTele   +     (boots currently unavailable)
Stlth  ++........               (no amulet)
                                p - ring of stealth
                                Y - ring of flight

@: mighty, tree-form (expiring)
A: (retaliatory headbutt), (horns 0)
a: Minor Destruction, Lesser Servant of Makhleb, Renounce Religion


You were in a bailey.
You worshipped Makhleb.
Makhleb was most pleased with you.
You were hungry.
You were a tree.
You visited 2 branches of the dungeon, and saw 11 of its levels.
You also visited: Bailey.

You collected 531 gold pieces.

Inventory:

Hand Weapons
 a - a +0 war axe
 M - the +7 flail of Homniol (weapon) {venom, *Noise Str+2 Int+4 SInv}
   (You found it on level 5 of the Dungeon)

   It poisons the flesh of those it strikes.
   It affects your strength (+2).
   It affects your intelligence (+4).
   It lets you see invisible.
   It may make noises in combat.
Missiles
 m - a throwing net
 x - 7 javelins (quivered)
 D - 5 tomahawks
Armour
 t - a +0 pair of boots (melded)
 u - a +0 plate armour (melded)
 y - a +2 cloak (melded)
 N - a +0 buckler of fire resistance (worn)
Jewellery
 p - a ring of stealth (right branch)
 C - the ring of Ru's Generosity {rPois Dex-3}
   (You found it on level 5 of the Dungeon)

   [ring of dexterity]

   It affects your dexterity (-3).
   It protects you from poison.
 F - an uncursed ring of ice
 Y - a ring of flight (left branch)
Wands
 c - a wand of iceblast (5/15)
 i - a wand of digging (15/24)
 n - a wand of lightning (9/15)
 z - a wand of slowing (6/48)
 G - a wand of acid (7/15)
 R - a wand of paralysis (5/24)
 V - a wand of slowing (23/48)
 W - a wand of digging (2/24)
Scrolls
 b - 2 scrolls of blinking
 l - 5 scrolls of identify
 q - 2 scrolls of random uselessness
 v - 2 scrolls of enchant weapon {unknown}
 E - a scroll of recharging {unknown}
 I - a scroll of brand weapon {unknown}
 J - 2 scrolls of magic mapping {unknown}
 K - 2 scrolls of torment {unknown}
 P - a scroll of fear
 Q - a scroll of amnesia {unknown}
 S - 3 scrolls of enchant armour {unknown}
 T - 3 scrolls of remove curse
 U - 6 scrolls of teleportation
 X - a scroll of fog {unknown}
Potions
 d - 3 potions of might
 e - 6 potions of curing
 j - 2 potions of degeneration
 o - 3 potions of cancellation
 s - 2 potions of haste
 w - 2 potions of ambrosia
 A - 2 potions of cure mutation
 L - 2 potions of lignification
Comestibles
 f - 6 bread rations
 k - 6 chunks of flesh
 r - 7 royal jellies
 Z - a meat ration


   Skills:
 * Level 14.5 Fighting
 - Level 12.0(12.8) Axes
 - Level 8.0(11.0) Maces & Flails
 + Level 5.8 Armour
 - Level 3.6 Shields
 - Level 2.0 Evocations


You had 10 spell levels left.
You didn't know any spells.

Dungeon Overview and Level Annotations

Branches:
Dungeon (10/15)            Temple (1/1) D:6
   Lair: D:8-11         Orc: D:9-12

Altars:
Ashenzari
Cheibriados
Gozag
Hepliaklqana
Kikubaaqudgha
Makhleb
Nemelex Xobeh
Qazlal
Ru
Sif Muna
Trog
Uskayaw
Vehumet
Xom
Yredelemnul
Zin
The Shining One

Shops:
D:6 }   D:10 (

Annotations:
D:5 2 runed doors


Innate Abilities, Weirdness & Mutations

((You reflexively headbutt those who attack you in melee.))
((You have a pair of horns on your head.))


Message History

Unknown command.
You bludgeon the orc warlord!!
You kill the orc warlord!
Makhleb accepts your kill.
You feel your dexterity returning. The hobgoblin hits you with a hand axe.
* * * LOW HITPOINT WARNING * * *
You feel much better.
The orc warrior hits you with a battleaxe!
* * * LOW HITPOINT WARNING * * *
The hobgoblin hits you but does no damage.
The orc knight hits you with a broad axe!!
* * * LOW HITPOINT WARNING * * *
You block the hobgoblin's attack.
The hobgoblin hits you but does no damage.
You closely miss the hobgoblin.
The hobgoblin hits you but does no damage.
The orc warrior hits you but does no damage.
The orc warrior hits you with a battleaxe!
You die...

####### ##..∩!.##
#......!#
##.......##
#......o..#
##......g♣g#
#######.....⌠.ogo.#
##.....##.........##
#.......'.........'
#......)##.......##.
.........#.......#
..
.........##88.88##
.. ....⌠.)...###'###
..⌠ ......)..## ..#


You could see an orc knight, 2 orc warriors and 3 hobgoblins.

Vanquished Creatures
  An orc warlord (Bailey)
  Pikel (D:4)
  The ghost of Thrillho the Firebug, a novice DEFE of Vehumet (D:5)
  A troll (D:10)
  A queen bee (D:10)
  A two-headed ogre (D:8)
  2 hippogriffs
  Sigmund (D:5)
  4 yaks (D:9)
  Eustachio (D:5)
  2 wyverns
  Grum (D:9)
  The ghost of Yoshimo the Conjurer, an amateur DgWz (D:4)
  A water moccasin (D:9)
  Duvessa (D:7)
  An ice beast (D:8)
  11 orc warriors
  A slave (D:4)
  A phantom (D:5)
  3 centaurs
  4 wolves (D:9)
  3 ogres
  A crocodile (D:8)
  A big kobold (D:7)
  5 bullfrogs
  Dowan (D:7)
  5 scorpions
  24 killer bees
  3 wights (D:7)
  4 howler monkeys
  6 electric eels (D:9)
  2 crimson imps (D:5)
  A centaur zombie (D:8)
  A quasit (D:8)
  A bullfrog zombie (D:6)
  3 orc priests
  A jelly (D:8)
  Crazy Yiuf (D:3)
  5 hounds
  5 orc wizards
  A bullfrog skeleton (D:7)
  4 iguanas
  4 worker ants
  4 hound skeletons
  A worker ant zombie (D:5)
  Robin (D:4)
  19 adders
  18 gnolls
  A shadow imp (D:9)
  2 adder zombies (D:5)
  An adder skeleton (D:5)
  2 worms (D:4)
  2 dart slugs
  11 leopard geckos
  36 orcs
  3 bats
  3 giant cockroaches
  25 goblins
  21 hobgoblins
  15 jackals
  8 kobolds
  4 quokkas
  5 frilled lizards
  2 jackal zombies
  7 rats
314 creatures vanquished.

Vanquished Creatures (others)
  A plant (D:9)
1 creature vanquished.

Grand Total: 315 creatures vanquished

Notes
Turn   | Place    | Note
-------+----------+-------------------------------------------
     0 | D:1      | dngmouse the Minotaur Fighter began the quest for the Orb.
     0 | D:1      | Reached XP level 1. HP: 19/19 MP: 0/0
   249 | D:1      | Reached XP level 2. HP: 26/27 MP: 1/1
   360 | D:1      | Reached skill level 4 in Fighting
   788 | D:2      | Reached XP level 3. HP: 32/33 MP: 2/2
   821 | D:2      | Found a sacrificial altar of Ru.
  1109 | D:2      | Found a faded altar of an unknown god.
  1211 | D:2      | Reached skill level 5 in Axes
  1211 | D:2      | Reached XP level 4. HP: 40/40 MP: 3/3
  1532 | D:3      | Found a runed door.
  1554 | D:3      | Found a radiant altar of Vehumet.
  1945 | D:3      | Noticed Crazy Yiuf
  1951 | D:3      | Killed Crazy Yiuf
  1951 | D:3      | Reached XP level 5. HP: 36/46 MP: 4/4
  2314 | D:4      | Noticed Robin
  2329 | D:4      | Killed Robin
  2473 | D:4      | Noticed Yoshimo's ghost (amateur DgWz)
  2501 | D:4      | Reached XP level 6. HP: 33/52 MP: 5/5
  2525 | D:4      | Killed Yoshimo's ghost
  2652 | D:4      | Reached XP level 7. HP: 33/59 MP: 6/6
  2878 | D:4      | Noticed Pikel
  2892 | D:4      | Killed Pikel
  2892 | D:4      | Reached skill level 10 in Axes
  3236 | D:5      | Entered Level 5 of the Dungeon
  3311 | D:5      | Noticed Sigmund
  3316 | D:5      | Killed Sigmund
  3316 | D:5      | Reached XP level 8. HP: 66/66 MP: 7/7
  3392 | D:5      | Noticed Eustachio
  3408 | D:5      | Killed Eustachio
  3736 | D:5      | Noticed Thrillho's ghost (novice DEFE)
  3749 | D:5      | Killed Thrillho's ghost
  3749 | D:5      | Reached skill level 6 in Fighting
  3778 | D:5      | Found a large runed door.
  3778 | D:5      | Found a large runed door.
  3806 | D:5      | Got a crystal flail
  3807 | D:5      | Identified the +7 flail of Homniol {venom, *Noise Str+2 Int+4 SInv} (You found it on level 5 of the Dungeon)
  4269 | D:5      | Found a large runed door.
  4269 | D:5      | Found a large runed door.
  4284 | D:5      | Reached skill level 7 in Fighting
  4284 | D:5      | Reached skill level 1 in Maces & Flails
  4507 | D:5      | Found an opulent altar of Gozag.
  4681 | D:5      | Reached XP level 9. HP: 80/80 MP: 8/8
  4689 | D:5      | Got a brightly glowing marble ring
  4690 | D:5      | Identified the cursed ring of Ru's Generosity {rPois Dex-3} (You found it on level 5 of the Dungeon)
  4746 | D:6      | Reached skill level 8 in Fighting
  4986 | D:6      | Found Gafudali's Quality Used Wands.
  5031 | D:6      | Found a staircase to the Ecumenical Temple.
  5050 | Temple   | Entered the Ecumenical Temple
  5103 | Temple   | Became a worshipper of Makhleb the Destroyer
  5615 | D:7      | Reached skill level 9 in Fighting
  5637 | D:7      | Noticed Duvessa
  5637 | D:7      | Noticed Dowan
  5640 | D:7      | Killed Duvessa
  5648 | D:7      | Killed Dowan
  5652 | D:7      | Reached skill level 10 in Fighting
  5667 | D:7      | Reached skill level 5 in Maces & Flails
  6407 | D:8      | Reached * piety under Makhleb
  6416 | D:8      | Reached skill level 11 in Fighting
  6577 | D:8      | Reached XP level 10. HP: 58/96 MP: 9/9
  7028 | D:8      | Found a hazy altar of Hepliaklqana.
  7524 | D:9      | Found an opulent altar of Gozag.
  7524 | D:9      | Found a sparkling altar of Nemelex Xobeh.
  7600 | D:9      | Reached skill level 12 in Fighting
  7822 | D:9      | Noticed Grum
  7836 | D:9      | Killed Grum
  7836 | D:9      | Reached skill level 13 in Fighting
  7839 | D:9      | Reached ** piety under Makhleb
  9027 | D:10     | Entered Level 10 of the Dungeon
  9027 | D:10     | Found Gokif's Weapon Boutique.
  9147 | D:10     | Reached skill level 1 in Evocations
  9277 | D:10     | Reached XP level 11. HP: 62/107 MP: 11/11
  9373 | D:10     | Gained mutation: Your flesh is cold resistant. (rC+) [potion of beneficial mutation]
  9378 | D:10     | Lost mutation: Your flesh is cold resistant. (rC+) [potion of cure mutation]
  9446 | D:10     | Found a flagged portal.
  9453 | Bailey   | Entered a bailey
  9602 | Bailey   | Reached *** piety under Makhleb
  9684 | Bailey   | Reached skill level 14 in Fighting
  9739 | Bailey   | Reached skill level 5 in Armour
  9745 | Bailey   | Noticed an orc warlord
  9759 | Bailey   | Noticed an orc knight
  9768 | Bailey   | Killed an orc warlord
  9770 | Bailey   | Slain by an orc warrior

Skill      XL: |  1  2  3  4  5  6  7  8  9 10 11 |
---------------+----------------------------------+-----
Axes           | 3 5 6 7 9 11 12 | 12.0
Fighting       | 4 7 11 13 14 | 14.5
Maces & Flails | 2 5 8 |  8.0
Armour         | 4 5 |  5.8
Evocations     | 1 2 |  2.0
Shields        | |  3.6

Action                   |  1- 3 |  4- 6 |  7- 9 | 10-12 || total
-------------------------+-------+-------+-------+-------++-------
Melee: War axe           |    90 |   139 |   113 |       ||   342
       Headbutt          |     6 |    19 |    57 |    54 ||   136
       Flail             |       |       |   182 |   343 ||   525
Throw: Javelin           |       |       |     4 |       ||     4
  Use: Scroll            |       |       |     8 |     3 ||    11
       Potion            |       |       |       |    17 ||    17
 Stab: Distracted        |       |       |     1 |       ||     1
  Eat: Chunk             |     1 |     4 |    12 |     8 ||    25
       Beef jerky        |       |       |     1 |       ||     1
       Royal jelly       |       |       |       |     1 ||     1
Armor: Scale mail        |    33 |     6 |       |       ||    39
       Plate armour      |       |    61 |   196 |   201 ||   458
       Skin              |       |       |       |    22 ||    22
Dodge: Dodged            |    29 |    22 |    49 |    99 ||   199
Block: Shield            |    52 |    70 |    59 |       ||   181
       Buckler           |       |       |    31 |    81 ||   112
